 Dungeon Crawl Stone Soup version bcrawl-1.19.2-6-g6a88ae04c9 (webtiles) character file.

Game seed: 17277639273355224773

857 MisterOstroum the Sneak (level 8, 12/46 HPs)
             Began as a Mana Stalker Rogue on Dec 23, 2019.
             Quit the game on level 4 of the Dungeon.
             The game lasted 00:11:10 (3607 turns).

MisterOstroum the Sneak (Mana Stalker Rogue)        Turns: 3607, Time: 00:11:11

Health: 12/46      AC:  3    Str: 16    XL:     8   Next: 2%
Magic:  12/13      EV: 13    Int: 11    God:
Gold:   154        SH:  0    Dex: 16    Spells: 10/13 levels left

rFire    + . .     SeeInvis .   w - +0 blowgun
rCold    . . .     Gourm    .   (no shield)
rNeg     . . .     Faith    .   c - +0 robe
rPois    .         Spirit   .   (no helmet)
rElec    .         Reflect  .   d - +0 cloak
rCorr    .         Harm     .   (no gloves)
MR       +....                  (no boots)
Stlth    ++++......             F - amulet of the acrobat
HPRegen  0.55/turn              u - ring of fire
MPRegen  0.13/turn              q - ring of protection from cold

@: mildly poisoned (12 -> 11)
A: fangs 3, magic resistance 1, regeneration 1, antimagic bite, no potion heal
3, rot immunity, strong jaws
a: no special abilities


You were on level 4 of the Dungeon.
You were not hungry.

You visited 1 branch of the dungeon, and saw 4 of its levels.
You also visited: Sewer.

You collected 154 gold pieces.

Inventory:

Hand Weapons
 a - a +2 dagger
 b - a +2 hunting sling of flaming
 w - a +0 blowgun (weapon)
 C - a +0 short sword of holy wrath
 D - the +0 falchion of Sunlight {slice, *Noise rElec Str+2 Dex+3}
   (You found it on level 4 of the Dungeon)

   It inflicts extra damage upon your enemies.
   It affects your strength (+2).
   It affects your dexterity (+3).
   It insulates you from electricity.
   It may make noises in combat.
Missiles
 h - 73 poisoned needles (quivered)
 j - 1284 stones
 k - 127 sling bullets
 v - 149 tomahawks
 J - 128 arrows
Armour
 c - a +0 robe (worn)
 d - a +0 cloak (worn)
 I - a +0 helmet
Jewellery
 p - an uncursed ring of positive energy
 q - a ring of protection from cold (right hand)
 u - a ring of fire (left hand)
 F - an amulet of the acrobat (around neck)
 H - an uncursed ring of magical power
Wands
 f - a wand of flame (10)
 g - a wand of enslavement (15)
Scrolls
 i - 2 scrolls of teleportation {unknown}
 l - 3 scrolls of remove curse
 m - 3 scrolls of immolation {unknown}
 n - a scroll of enchant armour {unknown}
 t - 4 scrolls of identify {unknown}
 y - 3 scrolls of blinking {unknown}
 E - a scroll of magic mapping {unknown}
 G - a scroll of fear {unknown}
Potions
 o - a potion of agility {unknown}
 r - a potion of might {unknown}
 s - a potion of lignification {unknown}
 x - 2 potions of flight
 z - 4 potions of curing {@q1 !q}
 A - 3 potions of heal wounds {unknown}
 B - a potion of magic {unknown}
Comestibles
 e - 5 rations {!d}


   Skills:
 - Level 3.0 Fighting
 - Level 3.7 Short Blades
 - Level 1.8 Throwing
 - Level 2.0 Dodging
 - Level 6.8 Stealth
 - Level 3.0 Spellcasting
 + Level 4.2 Transmutations
 - Level 2.8 Evocations


You had 10 spell levels left.
You knew the following spells:

 Your Spells              Type           Power        Failure   Level  Hunger
a - Beastly Appendage     Tmut           ##....       4%          1    #......
t - Sticks to Snakes      Tmut           ##......     7%          2    ###....

Your spell library contained the following spells:

 Spells                   Type           Power        Failure   Level  Hunger
 Spider Form              Tmut/Pois      #..          32%         3    ###....
 Ice Form                 Ice/Tmut       #.......     73%         4    #####..
 Blade Hands              Tmut           ##........   77%         5    ######.


Dungeon Overview and Level Annotations

Branches:
Dungeon (4/12)
 Temple: D:4-7

Altars:
Makhleb
Qazlal
Uskayaw


Innate Abilities, Weirdness & Mutations

You have razor-sharp teeth.
You are resistant to hostile enchantments. (MR+)
Your natural rate of healing is unusually fast.
Your bite disrupts and absorbs the magic of your enemies.
Potions cannot restore your health.
You are immune to rotting.
Your bites deal extra damage.


Message History

You are feeling hungry.
Your ball python completely misses the hungry ghost.
You miss the hungry ghost.
The hungry ghost is severely damaged.
The hungry ghost barely misses you.
Your ball python misses the hungry ghost.
You hit the hungry ghost.
The hungry ghost convulses.
The hungry ghost is almost destroyed.
Your ball python bites the hungry ghost.
The hungry ghost misses you.
You closely miss the hungry ghost.
The hungry ghost is almost destroyed.
Your ball python completely misses the hungry ghost.
You hit the hungry ghost.
The hungry ghost convulses.
Your bite misses the hungry ghost.
The hungry ghost is almost destroyed.
The hungry ghost hits you.
You are feeling very hungry.
Your ball python misses the hungry ghost.
You closely miss the hungry ghost.
The hungry ghost is almost destroyed.
The hungry ghost hits you.
You are near starving!
Your ball python completely misses the hungry ghost.
You hit the hungry ghost but do no damage.
The hungry ghost is almost destroyed.
Your ball python closely misses the hungry ghost.
The hungry ghost hits you.
You feel somewhat more hungry.
You hit the hungry ghost.
You destroy the hungry ghost!
Your Transmutations skill increases to level 4!
You eat one of the 6 rations {!d}.
That ration really hit the spot!
Your ball python withers and dies!
A worker ant comes into view.
Wield which item (- for none, * to show all)? (? for menu, Esc to quit)
Your +0 short sword of holy wrath stops glowing.
Your +2 hunting sling of flaming bursts into flame!
b - a +2 hunting sling of flaming (weapon)
Firing (i - inventory. (/) - cycle)
j - 1288 stones (quivered)
Press: ? - help, Shift-Dir - straight line, f - worker ant
Aim: a worker ant (resting)
You shoot a stone.
The stone hits the worker ant but does no damage.
The worker ant twitches its antennae in your direction.
Firing (i - inventory. (/) - cycle)
j - 1287 stones (quivered)
Press: ? - help, Shift-Dir - straight line, f/p - worker ant
Aim: a worker ant You shoot a stone.
The stone closely misses the worker ant.
Firing (i - inventory. (/) - cycle)
j - 1286 stones (quivered)
Press: ? - help, Shift-Dir - straight line, f/p - worker ant
Aim: a worker ant You shoot a stone.
The stone completely misses the worker ant.
Firing (i - inventory. (/) - cycle)
j - 1285 stones (quivered)
Press: ? - help, Shift-Dir - straight line, f/p - worker ant
Aim: a worker ant You shoot a stone.
The stone hits the worker ant but does no damage.
Wield which item (- for none, * to show all)? (? for menu, Esc to quit)
Your +2 hunting sling of flaming stops flaming.
w - a +0 blowgun (weapon)
Firing (i - inventory. (/) - cycle)
h - 76 poisoned needles (quivered)
Press: ? - help, Shift-Dir - straight line, f/p - worker ant
Aim: a worker ant You shoot a poisoned needle.
The poisoned needle closely misses the worker ant.
The worker ant bites you!
You are poisoned.
The worker ant poisons you!
Firing (i - inventory. (/) - cycle)
h - 75 poisoned needles (quivered)
Press: ? - help, Shift-Dir - straight line, f/p - worker ant
Aim: a worker ant You shoot a poisoned needle.
The poisoned needle hits the worker ant.
The worker ant is poisoned.
You feel sick. The worker ant bites you. x2
Firing (i - inventory. (/) - cycle)
h - 74 poisoned needles (quivered)
Press: ? - help, Shift-Dir - straight line, f/p - worker ant
Aim: a worker ant (lightly wounded, poisoned)
You shoot a poisoned needle.
The poisoned needle hits the worker ant!
The worker ant looks more poisoned.
The worker ant is lightly wounded.
The worker ant bites you.
You are more poisoned.
The worker ant poisons you!
You feel sick.
You feel sick.
You feel sick.
You kill the worker ant!
You have reached level 8!
You feel stronger.
You feel a sudden thirst for magic.
You feel resistant to hostile enchantments.
You feel attuned to conjurations and hexes.
You feel sick.
Saving game... please wait.
Welcome back, MisterOstroum the Mana Stalker Rogue.
Press ? for a list of commands and other information.
Are you sure you want to abandon this character and quit the game? (Confirm with "yes".)

#.# #.##.#.# #.#
#.#..#.# #.#
#.#.##.# #.#
#.#....#
#.#######.######
........#......#
#.######.#
#.#....#.#
#@#.##.#.#
#.#.#..#.#
#.#.#.##.#
#.#.#....#
#.#.###### #...#
#####


There were no monsters in sight!

Vanquished Creatures
  A hungry ghost (D:4)
  A phantom (D:4)
  An ogre (D:3)
  3 big kobolds (Sewer)
  An orc priest (D:3)
  A centaur skeleton (D:3)
  A worker ant (D:4)
  An orc wizard (D:3)
  7 adders
  6 river rats
  3 oozes
  3 worms
  2 dart slugs
  6 leopard geckos
  9 orcs
  A bat (D:1)
  A giant cockroach (D:2)
  4 goblins
  13 hobgoblins
  6 jackals
  16 kobolds
  A quokka (D:3)
  5 ball pythons
  10 frilled lizards
  10 rats
113 creatures vanquished.

Notes
Turn   | Place    | Note
-------+----------+-------------------------------------------
     0 | D:1      | MisterOstroum the Vine Stalker Rogue began the quest for
                  | the Orb.
     0 | D:1      | Reached XP level 1. HP: 12/12 MP: 3/3
   141 | D:1      | Reached XP level 2. HP: 3/18 MP: 4/4
   392 | D:1      | Reached XP level 3. HP: 19/23 MP: 5/5
  1022 | D:2      | Reached skill level 6 in Stealth
  1303 | D:2      | Reached XP level 4. HP: 28/28 MP: 6/6
  1625 | D:3      | Learned a level 2 spell: Sticks to Snakes
  1627 | D:3      | Learned a level 1 spell: Beastly Appendage
  1636 | D:3      | Reached skill level 1 in Dodging
  1694 | D:3      | Reached XP level 5. HP: 32/32 MP: 7/7
  1736 | D:3      | Found a glowing drain.
  1743 | Sewer    | Entered a sewer
  1782 | Sewer    | Reached skill level 1 in Transmutations
  1808 | Sewer    | Reached skill level 1 in Spellcasting
  1826 | Sewer    | Noticed a big kobold
  1841 | Sewer    | Killed a big kobold
  1841 | Sewer    | Gained mutation: You have razor-sharp teeth. [Vine Stalker
                  | growth]
  1841 | Sewer    | Reached XP level 6. HP: 37/37 MP: 8/8
  2182 | D:3      | Reached XP level 7. HP: 15/41 MP: 10/10
  2291 | D:3      | Found a stormy altar of Qazlal.
  2292 | D:3      | Found a hide-covered altar of Uskayaw.
  2294 | D:3      | Found a burning altar of Makhleb.
  2520 | D:3      | Reached skill level 1 in Throwing
  3129 | D:4      | Got a faintly glowing falchion
  3238 | D:4      | Identified the cursed +0 falchion of Sunlight {slice,
                  | *Noise rElec Str+2 Dex+3} (You found it on level 4 of the
                  | Dungeon)
  3345 | D:4      | Noticed a hungry ghost
  3584 | D:4      | Killed a hungry ghost
  3605 | D:4      | Gained mutation: Your bite disrupts and absorbs the magic
                  | of your enemies. [Mana Stalker growth]
  3605 | D:4      | Gained mutation: You are resistant to hostile enchantments.
                  | (MR+) [Mana Stalker growth]
  3605 | D:4      | Reached XP level 8. HP: 12/46 MP: 12/13
  3607 | D:4      | Quit the game

Skill      XL: |  1  2  3  4  5  6  7 |
---------------+----------------------+-----
Fighting       | 2 3 |  3.0
Short Blades   | 2 3 |  3.7
Stealth        | 6 |  6.8
Evocations     | 2 |  2.8
Dodging        | 1 2 |  2.0
Transmutations | 1 4 |  4.2
Spellcasting   | 1 3 |  3.0
Throwing       | 1 |  1.8

Action                   |  1- 3 |  4- 6 |  7- 9 || total
-------------------------+-------+-------+-------++-------
Melee: Dagger            |   116 |    39 |    10 ||   165
       Bite              |     9 |     5 |     3 ||    17
       Short sword       |       |       |    16 ||    16
       Falchion          |       |       |     7 ||     7
 Fire: Hunting sling     |       |    81 |    89 ||   170
       Blowgun           |       |       |     7 ||     7
 Cast: Sticks to Snakes  |       |       |     1 ||     1
Evoke: Wand              |       |     4 |     1 ||     5
  Use: Potion            |       |     1 |     1 ||     2
       Scroll            |       |       |     1 ||     1
 Stab: Sleeping          |    12 |     1 |       ||    13
  Eat: Chunk             |     1 |     3 |     4 ||     8
       Ration            |       |       |     2 ||     2
Armor: Robe              |    14 |     4 |     8 ||    26
Dodge: Dodged            |    55 |    32 |    29 ||   116
